 Dungeon Crawl Stone Soup version 0.28.0-45-g0d030f2227 (webtiles) character file.

Game seed: 9111766900582154091

4 Zeld the Conjurer (level 1, 0/14 HPs)
             Began as a Draconian Conjurer on Apr 18, 2022.
             Slain by a quokka (1 damage)
             ... on level 1 of the Dungeon.
             The game lasted 00:00:43 (148 turns).

Zeld the Conjurer (Draconian Conjurer)               Turns: 148, Time: 00:00:44

Health: 0/14       AC:  4    Str:  9    XL:     1   Next: 50%
Magic:  1/3        EV: 12    Int: 18    God:
Gold:   0          SH:  0    Dex:  9    Spells: 3/4 levels left

rFire   . . .      SeeInvis .   (no weapon)
rCold   . . .      Faith    .   (no shield)
rNeg    . . .      Spirit   .   (armour unavailable)
rPois   .          Reflect  .   (helmet restricted)
rElec   .          Harm     .   (no cloak)
rCorr   .          Rampage  .   (no gloves)
Will    .....                   (no boots)
Stlth   ++........              (no amulet)
HPRegen 0.04/turn               (no ring)
MPRegen 0.08/turn               (no ring)

@: no status effects
A: AC +4, unfitting armour, cold-blooded
a: no special abilities


You were on level 1 of the Dungeon.
You visited 1 branch of the dungeon, and saw 1 of its levels.

Inventory:

Scrolls
 a - a scroll of torment {unknown}
Potions
 b - 2 potions of haste {unknown}


   Skills:
 + Level 0.2 Fighting
 + Level 1.8 Dodging
 + Level 1.9 Stealth
 + Level 2.0 Spellcasting
 * Level 4.0 Conjurations


You had 3 spell levels left.
You knew the following spells:

 Your Spells              Type           Power      Damage    Failure   Level
a - Magic Dart            Conj           64%        1d6       3%          1

Your spell library contained the following spells:

 Spells                   Type           Power      Damage    Failure   Level
 Searing Ray              Conj           32%        2d5       4%          2
 Dazzling Flash           Conj/Hex       18%        N/A       24%         3
 Fulminant Prism          Conj/Hex       4%         3d6       61%         4
 Iskenderun's Mystic Bla  Conj/Tloc      9%         2d4       61%         4


Dungeon Overview and Level Annotations

Branches:
Dungeon (1/15)

Altars:


Innate Abilities, Weirdness & Mutations

Your plain brown scales are hard. (AC +4)
You cannot fit into any form of body armour.
You are cold-blooded and may be slowed by cold attacks.


Message History

You hit the quokka but do no damage.
Your tail-slap misses the quokka.
The quokka barely misses you.
The quokka bites you but does no damage.
You barely miss the quokka.
Your tail-slap misses the quokka.
The quokka is severely wounded.
The quokka bites you. x2
* * * LOW HITPOINT WARNING * * *
The quokka closely misses you.
You miss the quokka.
Your tail-slap misses the quokka.
The quokka bites you.
* * * LOW HITPOINT WARNING * * *
The quokka closely misses you.
You are too injured to fight recklessly!
You hit the quokka but do no damage. The quokka barely misses you.
The quokka misses you. The quokka closely misses you.
The quokka barely misses you.
You see here a +0 ring mail.
A kobold comes into view.
It is wielding a +1 whip of electrocution.
The quokka bites you.
* * * LOW HITPOINT WARNING * * *
Casting: Magic Dart (safe; 3% risk of failure)
Confirm with . or Enter, or press ? or * to list all spells.
Aiming: Magic Dart (safe; 3% risk of failure)
Press: ? - help, Shift-Dir - straight line, f/p - quokka
Aim: a quokka (heavily wounded, 100% to hit)
The magic dart hits the quokka.
The quokka is moderately wounded.
The quokka closely misses you.
Unknown command.
Casting: Magic Dart (safe; 3% risk of failure)
Confirm with . or Enter, or press ? or * to list all spells.
Aiming: Magic Dart (safe; 3% risk of failure)
Press: ? - help, Shift-Dir - straight line, f/p - quokka
Aim: a quokka (heavily wounded, 100% to hit)
The magic dart hits the quokka.
The quokka is almost dead.
The quokka barely misses you.
The quokka bites you but does no damage.
The quokka bites you but does no damage.
The quokka bites you.
You die...

......#######...####
......†.......###
......######..####..
.....[.###†......(..
.......r.r....###...
###.....##.....†.... .
....###..#.##[##†...
....########.#.##.##....
.......@rr..............
...#########.........###
#.....###.# #.....# ..#
####### ..K .. ..


You could see 2 quokkas.

Vanquished Creatures
  A ball python (D:1)
  A bat (D:1)
  2 frilled lizards (D:1)
  A rat (D:1)
5 creatures vanquished.

Notes
Turn   | Place    | Note
-------+----------+-------------------------------------------
     0 | D:1      | Zeld the Draconian Conjurer began the quest for the Orb.
     0 | D:1      | Reached XP level 1. HP: 14/14 MP: 3/3
   148 | D:1      | Slain by a quokka

Illustrated notes

Levels and vault maps discovered:
D:1:      saegor_arrival_under_anarchy, layout_rooms, minivault_24

Action                   || total
-------------------------++-------
Melee: Unarmed           ||    12
 Cast: Magic Dart        ||     9
Armor: Skin              ||     7
Dodge: Dodged            ||    15
